 Dungeon Crawl Stone Soup version 0.18-a0-1160-geb89fc2 (webtiles) character file.

1047 M4edhros the Covert (level 8, 0/48 HPs)
             Began as an Octopode Artificer on Jan 24, 2016.
             Slain by a centaur (5 damage)
             ... on level 5 of the Dungeon.
             The game lasted 00:06:11 (2660 turns).

M4edhros the Covert (Octopode Artificer)            Turns: 2660, Time: 00:06:11

Health: 0/48       AC:  1    Str: 11    XL:     8   Next: 25%
Magic:  12/12      EV: 15    Int: 16    God:
Gold:   184        SH:  0    Dex: 15    Spells: 0 memorised, 7 levels left

rFire  + . .     SeeInvis .     l - +2 whip (elec)
rCold  x . .     Gourm    .     (no shield)
rNeg   + . .     Faith    .     (helmet restricted)
rPois  .         Spirit   .     (no amulet)
rElec  +         Dismiss  .     i - ring of positive energy
rCorr  .         Reflect  .     k - ring "Nicw" {Fire +Blink rElec MR+ Dex+3}
SustAt .         Harm     .     (no ring)
MR     +....                    (no ring)
Stlth  +++++.....               (no ring)
                                (no ring)
                                (no ring)
                                (no ring)

@: somewhat resistant to hostile enchantments, quite stealthy
A: almost no armour, amphibious, 8 rings, constrict 8, camouflage 1, gelatinous
body 1
a: Evoke Blink


You were on level 5 of the Dungeon.
You were not hungry.

You visited 1 branch of the dungeon, and saw 6 of its levels.
You also visited: Sewer.

You collected 184 gold pieces.

Inventory:

Hand Weapons
 a - a +0 short sword
 l - a +2 whip of electrocution (weapon)
Missiles
 e - 79 stones (quivered)
 t - 4 javelins of returning
 x - 17 bolts of frost
Armour
 y - a +0 hat
Magical Staves
 u - an uncursed staff of wizardry
Jewellery
 i - a ring of positive energy (left tentacle)
 k - the ring "Nicw" (right tentacle) {Fire +Blink rElec MR+ Dex+3}
   (You found it on level 4 of the Dungeon)

   [ring of fire]

   It enhances your fire magic, and weakens your ice magic.
   It affects your dexterity (+3).
   It protects you from fire.
   It makes you vulnerable to cold.
   It insulates you from electricity.
   It affects your resistance to hostile enchantments.
   It lets you blink.
Wands
 b - a wand of flame (10/48)
 c - a wand of enslavement (10/24)
 d - a wand of random effects (13/48)
Scrolls
 h - 2 scrolls of enchant armour {unknown}
 n - 2 scrolls of identify {unknown}
 o - a scroll of enchant weapon {unknown}
Potions
 m - 2 potions of heal wounds {unknown}
 p - a potion of might
 r - a potion of resistance {unknown}
 s - a potion of curing {unknown}
 v - a potion of haste {unknown}
Comestibles
 f - 4 bread rations
 g - a beef jerky
 j - 2 meat rations
 q - 6 fruits
 w - 2 royal jellies
 z - 2 chunks of flesh


   Skills:
 - Level 1.0 Fighting
 - Level 1.0 Short Blades
 * Level 6.1 Dodging
 * Level 8.5 Stealth
 + Level 5.7 Evocations


You had 7 spell levels left.
You didn't know any spells.

Dungeon Overview and Level Annotations

Branches:
Dungeon (6/15)
 Temple: D:4-7

Altars:

Shops:
D:4 =*%!=


Innate Abilities, Weirdness & Mutations

You cannot wear most types of armour.
You are amphibious.
You can wear up to eight rings at the same time.
You can use your tentacles to constrict eight enemies at once.
Your skin changes colour to match your surroundings (Stealth).
Your rubbery body absorbs attacks (AC +1).


Message History

You hit the adder. Your grab misses the adder. You squeeze the adder!
The adder is almost dead.
The adder barely misses you.
You closely miss the adder. Your grab misses the adder.
The adder is almost dead.
The adder bites you. x2
You hit the adder.
You kill the adder!
The helpless centaur fails to defend itself.
You whack the centaur!
The centaur is heavily wounded.
The centaur hits you. x2
* * * LOW HITPOINT WARNING * * *
You are too injured to fight recklessly!
You hit the centaur.
The centaur is severely wounded.
The centaur hits you.
* * * LOW HITPOINT WARNING * * *
The centaur hits you.
You die...

*.....#,,,,,,,,,,
*.....#,,,,******
#####..(..#,,,,***,,,
#...!.....+,,,,+,+,,,
#.........#,,,,***,,,
#........#*,,,,* *,,,
#...†....##.,,,***,,)
#...>.......,,,+,,,,.
#...@†......,,,*****#
#..c........,*** *,,.
#...........,* *,,.
############** *,,.
*,,. *,,. *,,. *,,.
*,,.


You could see a centaur.

Vanquished Creatures
  A black bear (D:4)
  2 ogres
  A crocodile (Sewer)
  A giant frog (D:6)
  3 scorpions
  2 giant frog zombies (D:5)
  3 hounds
  An orc priest (D:4)
  3 iguanas
  2 orc wizards (D:4)
  A hound zombie (D:5)
  6 gnolls (D:4)
  2 adders
  A river rat (D:5)
  A shadow imp (D:5)
  An ooze (D:1)
  A worm (D:5)
  A giant gecko (D:4)
  11 orcs
  2 ball pythons (D:5)
  5 giant cockroaches
  5 goblins
  A hobgoblin (D:1)
  8 jackals
  2 kobolds
  2 quokkas
  7 bats
  2 giant newts (D:1)
  3 rats
81 creatures vanquished.

Notes
Turn   | Place    | Note
--------------------------------------------------------------
     0 | D:1      | M4edhros the Octopode Artificer began the quest for the Orb.
     0 | D:1      | Reached XP level 1. HP: 13/13 MP: 3/3
   100 | D:1      | Reached XP level 2. HP: 8/18 MP: 4/4
   666 | D:2      | Reached XP level 3. HP: 23/23 MP: 5/5
   843 | D:4      | Reached skill level 4 in Evocations
   843 | D:4      | Reached XP level 4. HP: 23/28 MP: 5/7
   848 | D:4      | Found Oleigo's Food Emporium.
   854 | D:4      | Found Muachag's Distillery.
   860 | D:4      | Found Efaudgh's Jewellery Boutique.
   866 | D:4      | Got a clouded tin ring
   867 | D:4      | Identified the ring "Nicw" {Fire +Blink rElec MR+ Dex+3} (You found it on level 4 of the Dungeon)
   885 | D:4      | Reached XP level 5. HP: 23/33 MP: 8/8
  1050 | D:4      | Noticed a phantom
  1218 | D:5      | Entered Level 5 of the Dungeon
  1219 | D:5      | Reached skill level 5 in Stealth
  1219 | D:5      | Reached XP level 6. HP: 38/38 MP: 9/9
  1316 | D:5      | Found a glowing drain.
  1336 | D:5      | Reached skill level 6 in Stealth
  1344 | Sewer    | Entered a sewer
  1646 | D:5      | Reached XP level 7. HP: 33/43 MP: 10/10
  1730 | D:4      | Reached skill level 5 in Evocations
  1759 | D:4      | Found Buedinai's Jewellery Shop.
  1904 | D:4      | Reached skill level 5 in Dodging
  1904 | D:4      | Reached skill level 7 in Stealth
  2297 | D:4      | Found Xihex's General Store.
  2389 | D:5      | Reached skill level 8 in Stealth
  2389 | D:5      | Reached XP level 8. HP: 20/48 MP: 12/12
  2660 | D:5      | Slain by a centaur

Vault maps used:
D:1:      dpeg_arrival_pits, monster_avoids_cloud
D:2:      minivault_27
D:3:      gammafunk_temple_overflow_statue, first_bread,
          minmay_goblin_kobold_house
D:4:      black_bear_nest_2, serial_shops, shop_statue, shop, shop, shop,
          nicolae_shop_crystal
D:5:      portal_sewer_entry_b
D:6:      minmay_temple_entry_fiery
Sewer:    sewer_big_baddie

Action                   |  1- 3 |  4- 6 |  7- 9 || total
-------------------------+-------+-------+-------++-------
Melee: Short sword       |    39 |       |       ||    39
       Whip              |    12 |    75 |    72 ||   159
Evoke: Wand              |       |     7 |     5 ||    12
  Use: Potion            |       |     1 |     1 ||     2
       Scroll            |       |     1 |       ||     1
 Stab: Sleeping          |     7 |     9 |     5 ||    21
       Distracted        |     1 |       |       ||     1
  Eat: Chunk             |       |     3 |     2 ||     5
       Beef jerky        |       |       |     1 ||     1
